 Dungeon Crawl Stone Soup version 0.23.2-1-ga50397a (webtiles) character file.

Game seed: 9832179808640888935

2513 keltmir the Magician (level 9, -8/70 HPs)
             Began as a Gnoll Skald on May 19, 2019.
             Was a Priest of Okawaru.
             Killed from afar by Erica (10 damage)
             ... with a bolt of poison
             ... on level 8 of the Dungeon.
             The game lasted 00:27:51 (7598 turns).

keltmir the Magician (Gnoll Skald)                  Turns: 7598, Time: 00:27:54

Health: -8/70      AC:  7    Str: 16    XL:     9   Next: 53%
Magic:  15/19      EV: 18    Int: 17    God:    Okawaru [***...]
Gold:   514        SH:  0    Dex: 16    Spells: 9/21 levels left

rFire    . . .     SeeInvis .   x - +1 battleaxe (chop)
rCold    . . .     Gourm    .   (shield currently unavailable)
rNeg     . . .     Faith    .   e - +0 ring mail (curse)
rPois    .         Spirit   .   (no helmet)
rElec    .         Reflect  .   l - scarf {cloud immunity}
rCorr    +         Harm     .   (no gloves)
MR       .....                  (no boots)
Stlth    ++++......             j - amulet of rage
HPRegen  0.21/turn              r - +2 ring of intelligence
MPRegen  0.16/turn              y - ring of resist corrosion

@: lethally poisoned (-8 -> -20), heroism
A: distributed training, fangs 1, strong nose
a: Heroism, Renounce Religion, Evoke Berserk Rage


You were on level 8 of the Dungeon.
You worshipped Okawaru.
Okawaru was most pleased with you.
You were not hungry.

You visited 1 branch of the dungeon, and saw 8 of its levels.

You collected 547 gold pieces.
You spent 33 gold pieces at shops.

Inventory:

Hand Weapons
 a - a +1 spear
 x - a +1 battleaxe of chopping (weapon)
Missiles
 h - 4 javelins (quivered)
 o - 5 tomahawks
Armour
 b - a +0 leather armour
 e - a cursed +0 ring mail (worn)
 l - a scarf of cloud immunity (worn)
Jewellery
 j - an amulet of rage (around neck)
 r - a +2 ring of intelligence (left hand)
 s - an uncursed ring of stealth
 y - a ring of resist corrosion (right hand)
 D - an uncursed amulet of guardian spirit
Wands
 t - a wand of flame (22)
 A - a wand of digging (5)
Scrolls
 c - a scroll of magic mapping {unknown}
 k - 6 scrolls of amnesia
 m - 3 scrolls of remove curse
 p - 3 scrolls of teleportation
 u - 2 scrolls of identify
 w - a scroll of vulnerability {unknown}
 z - a scroll of fear
 B - a scroll of random uselessness {unknown}
 C - a scroll of fog
Potions
 f - 2 potions of flight
 g - 3 potions of lignification
 i - a potion of mutation
 n - 2 potions of curing
 q - a potion of resistance
 v - a potion of haste
Comestibles
 d - 13 rations


   Skills:
 + Level 6.3(11.3) Fighting
 + Level 4.2(9.2) Short Blades
 + Level 4.2(9.2) Long Blades
 + Level 4.2(9.2) Axes
 + Level 4.2(9.2) Maces & Flails
 + Level 6.3(11.3) Polearms
 + Level 4.2(9.2) Staves
 + Level 4.2(9.2) Slings
 + Level 4.2(9.2) Bows
 + Level 4.2(9.2) Crossbows
 + Level 4.2(9.2) Throwing
 + Level 5.0(10.0) Armour
 + Level 6.3(11.3) Dodging
 + Level 4.2(9.2) Stealth
 + Level 4.2(9.2) Shields
 + Level 4.2(9.2) Unarmed Combat
 + Level 6.6 Spellcasting
 + Level 3.5 Conjurations
 + Level 3.5 Hexes
 + Level 6.5 Charms
 + Level 3.5 Summonings
 + Level 3.5 Necromancy
 + Level 3.5 Translocations
 + Level 3.5 Transmutations
 + Level 3.5 Fire Magic
 + Level 3.5 Ice Magic
 + Level 3.5 Air Magic
 + Level 3.5 Earth Magic
 + Level 3.5 Poison Magic
 + Level 4.7 Invocations
 + Level 4.2 Evocations


You had 9 spell levels left.
You knew the following spells:

 Your Spells              Type           Power        Failure   Level  Hunger
a - Infusion              Chrm           ####         1%          1    None
b - Spectral Weapon       Hex/Chrm       ###.....     8%          3    ##.....
c - Regeneration          Chrm/Necr      ###.......   8%          3    ##.....
d - Ozocubu's Armour      Chrm/Ice       ###.....     8%          3    ##.....
e - Blink                 Tloc           N/A          7%          2    None

Your spell library contained the following spells:

 Spells                   Type           Power        Failure   Level  Hunger
 Song of Slaying          Chrm           ####....     1%          2    None
 Shroud of Golubria       Chrm/Tloc      ###.......   3%          2    None
 Freeze                   Ice            ###.         4%          1    None
 Magic Dart               Conj           ###.         4%          1    None
 Summon Butterflies       Summ           ###.....     4%          1    None
 Call Imp                 Summ           ###.....     7%          2    None
 Slow                     Hex            ###.....     7%          2    None
 Throw Frost              Conj/Ice       ###...       7%          2    None
 Call Canine Familiar     Summ           ###.....     14%         3    ##.....
 Conjure Flame            Conj/Fire      ###.....     14%         3    ##.....
 Mephitic Cloud           Conj/Pois/Air  ###.....     14%         3    ##.....
 Summon Ice Beast         Ice/Summ       ###.....     43%         4    ####...
 Throw Icicle             Conj/Ice       ###.....     43%         4    ####...
 Summon Mana Viper        Hex/Summ       ###.....     78%         5    #####..
 Summon Hydra             Summ           ###.......   100%        7    #######


Dungeon Overview and Level Annotations

Branches:
Dungeon (8/15)             Temple (0/1) D:7
   Lair: D:8-11

Altars:
Ashenzari
Cheibriados
Fedhas
Gozag
Hepliaklqana
Makhleb
Okawaru
Ru
Sif Muna
Trog
Vehumet
Zin
The Shining One

Shops:
D:4 ?

Annotations:
D:8 Erica, Maurice


Innate Abilities, Weirdness & Mutations

Your experience applies equally to all skills.
You have very sharp teeth.
Your uncanny sense of smell can sniff out nearby items.


Message History

You completely miss Erica.
Erica is severely wounded.
Your spectral weapon closely misses Erica.
Erica closely misses you.
Okay, then.
You closely miss Erica.
Erica is severely wounded.
Your spectral weapon hits Erica.
Erica casts a spell at your spectral weapon.
The orb of energy hits your spectral weapon!
Your spectral weapon shares its damage with you!
The orb of energy explodes!
The mystic blast hits you!!
* * * LOW HITPOINT WARNING * * *
You barely miss Erica. You bite Erica, but do no damage.
Erica is almost dead.
Your spectral weapon completely misses Erica.
Erica gestures at you while chanting. The bolt of poison hits you!
You are lethally poisoned!
You die...

#######
#....@#
#...(@#
#...(.######.
#............
#....(#######
#.....#
#.....#
#....(#
#######


You could see Erica and a friendly spectral +1 battleaxe of chopping.

Vanquished Creatures
  A hippogriff (D:7)
  Sigmund (D:5)
  Purgy (D:3)
  A sky beast (D:8)
  2 orc warriors
  A phantom (D:7)
  2 ogres
  4 bullfrogs
  A scorpion (D:7)
  5 howler monkeys
  A crimson imp (D:8)
  A bullfrog zombie (D:7)
  A hound (D:4)
  A centaur zombie (D:7)
  3 orc priests
  2 jellies
  Jessica (D:3)
  2 iguanas
  Natasha (thrice) (D:4)
  11 orc wizards
  4 worker ants
  A worker ant zombie (D:6)
  10 adders
  2 oozes
  3 worms
  3 dart slugs
  3 leopard geckos
  10 orcs
  5 giant cockroaches
  11 goblins
  6 hobgoblins
  4 jackals
  8 kobolds
  7 quokkas
  5 bats
  10 frilled lizards
  A jackal skeleton (D:4)
  2 leopard gecko skeletons
  A quokka skeleton (D:7)
  5 rats
146 creatures vanquished.

Vanquished Creatures (others)
  3 spectral weapons
3 creatures vanquished.

Grand Total: 149 creatures vanquished

Notes
Turn   | Place    | Note
-------+----------+-------------------------------------------
     0 | D:1      | keltmir the Gnoll Skald began the quest for the Orb.
     0 | D:1      | Reached XP level 1. HP: 20/20 MP: 6/6
   199 | D:1      | Reached XP level 2. HP: 23/26 MP: 7/7
   683 | D:1      | Reached XP level 3. HP: 31/31 MP: 9/9
   693 | D:1      | Reached skill level 5 in Spellcasting
   807 | D:2      | Learned a level 3 spell: Spectral Weapon
   830 | D:2      | Learned a level 3 spell: Regeneration
   981 | D:2      | Reached skill level 1 in Invocations
  1212 | D:2      | Reached skill level 1 in Short Blades
  1212 | D:2      | Reached skill level 1 in Long Blades
  1212 | D:2      | Reached skill level 1 in Axes
  1212 | D:2      | Reached skill level 1 in Maces & Flails
  1212 | D:2      | Reached skill level 1 in Staves
  1212 | D:2      | Reached skill level 1 in Slings
  1212 | D:2      | Reached skill level 1 in Bows
  1212 | D:2      | Reached skill level 1 in Crossbows
  1212 | D:2      | Reached skill level 1 in Throwing
  1212 | D:2      | Reached skill level 1 in Stealth
  1212 | D:2      | Reached skill level 1 in Shields
  1212 | D:2      | Reached skill level 1 in Unarmed Combat
  1212 | D:2      | Reached skill level 1 in Evocations
  1256 | D:2      | Reached XP level 4. HP: 21/38 MP: 8/11
  2006 | D:3      | Reached skill level 1 in Conjurations
  2006 | D:3      | Reached skill level 1 in Hexes
  2006 | D:3      | Reached skill level 1 in Summonings
  2006 | D:3      | Reached skill level 1 in Necromancy
  2006 | D:3      | Reached skill level 1 in Translocations
  2006 | D:3      | Reached skill level 1 in Transmutations
  2006 | D:3      | Reached skill level 1 in Fire Magic
  2006 | D:3      | Reached skill level 1 in Ice Magic
  2006 | D:3      | Reached skill level 1 in Air Magic
  2006 | D:3      | Reached skill level 1 in Earth Magic
  2006 | D:3      | Reached skill level 1 in Poison Magic
  2305 | D:3      | Noticed Purgy
  2340 | D:3      | Killed Purgy
  2340 | D:3      | Reached XP level 5. HP: 36/43 MP: 5/12
  2459 | D:3      | Noticed Jessica
  2462 | D:3      | Killed Jessica
  2462 | D:3      | Reached XP level 6. HP: 45/50 MP: 9/13
  2956 | D:4      | Noticed Natasha
  2976 | D:4      | Reached skill level 5 in Fighting
  2976 | D:4      | Reached skill level 5 in Polearms
  2976 | D:4      | Reached skill level 5 in Dodging
  2982 | D:4      | Killed Natasha
  2985 | D:4      | Noticed Natasha
  2995 | D:4      | Killed Natasha
  3269 | D:4      | Found Qaunull's Magic Scroll Boutique.
  3287 | D:4      | Bought a scroll of remove curse for 33 gold pieces
  3361 | D:4      | You fall through a shaft for 2 floors!
  3367 | D:6      | Reached XP level 7. HP: 56/56 MP: 11/15
  3431 | D:5      | Entered Level 5 of the Dungeon
  3463 | D:5      | Found a snail-covered altar of Cheibriados.
  3549 | D:5      | Learned a level 3 spell: Ozocubu's Armour
  3639 | D:4      | Noticed Natasha
  3654 | D:4      | Killed Natasha
  3997 | D:4      | Found a glowing golden altar of the Shining One.
  4580 | D:5      | Found a glowing golden altar of the Shining One.
  4582 | D:5      | Found a bloodstained altar of Trog.
  4584 | D:5      | Found an opulent altar of Gozag.
  4585 | D:5      | Found an iron altar of Okawaru.
  4585 | D:5      | Found a sacrificial altar of Ru.
  4588 | D:5      | Became a worshipper of Warmaster Okawaru
  4805 | D:5      | Found a shattered altar of Ashenzari.
  4806 | D:5      | Noticed Sigmund
  4820 | D:5      | Killed Sigmund
  4820 | D:5      | Reached XP level 8. HP: 50/63 MP: 13/16
  4992 | D:6      | Reached * piety under Okawaru
  5543 | D:6      | Found a glowing silver altar of Zin.
  5633 | D:7      | Found a burning altar of Makhleb.
  5668 | D:7      | Noticed a hippogriff
  5955 | D:6      | Learned a level 2 spell: Blink
  6002 | D:7      | Found a blossoming altar of Fedhas.
  6003 | D:7      | Found a radiant altar of Vehumet.
  6004 | D:7      | Found a hazy altar of Hepliaklqana.
  6043 | D:7      | Killed a hippogriff
  6043 | D:7      | Reached ** piety under Okawaru
  6062 | D:7      | Reached XP level 9. HP: 49/69 MP: 14/18
  6098 | D:7      | Found a staircase to the Ecumenical Temple.
  6618 | D:7      | Found a deep blue altar of Sif Muna.
  6856 | D:8      | Reached skill level 5 in Armour
  6862 | D:8      | Reached *** piety under Okawaru
  6866 | D:8      | Noticed a two-headed ogre
  6977 | D:8      | Noticed Erica
  7332 | D:8      | Noticed Maurice
  7597 | D:8      | HP: 1/70 [Erica/orb of energy (20)]
  7598 | D:8      | Killed from afar by Erica

Skill      XL: |  1  2  3  4  5  6  7  8  9 |
---------------+----------------------------+-----
Spellcasting   | 5 6 |  6.6
Invocations    | 1 2 3 4 |  4.7
Short Blades   | 1 2 3 4 |  4.2
Long Blades    | 1 2 3 4 |  4.2
Axes           | 1 2 3 4 |  4.2
Maces & Flails | 1 2 3 4 |  4.2
Staves         | 1 2 3 4 |  4.2
Slings         | 1 2 3 4 |  4.2
Bows           | 1 2 3 4 |  4.2
Crossbows      | 1 2 3 4 |  4.2
Throwing       | 1 2 3 4 |  4.2
Stealth        | 1 2 3 4 |  4.2
Shields        | 1 2 3 4 |  4.2
Unarmed Combat | 1 2 3 4 |  4.2
Evocations     | 1 2 3 4 |  4.2
Conjurations   | 1 2 3 |  3.5
Hexes          | 1 2 3 |  3.5
Summonings     | 1 2 3 |  3.5
Necromancy     | 1 2 3 |  3.5
Translocations | 1 2 3 |  3.5
Transmutations | 1 2 3 |  3.5
Fire Magic     | 1 2 3 |  3.5
Ice Magic      | 1 2 3 |  3.5
Air Magic      | 1 2 3 |  3.5
Earth Magic    | 1 2 3 |  3.5
Poison Magic   | 1 2 3 |  3.5
Armour         | 3 4 5 |  5.0
Fighting       | 5 6 |  6.3
Polearms       | 5 6 |  6.3
Dodging        | 5 6 |  6.3
Charms         | 6 |  6.5

Action                   |  1- 3 |  4- 6 |  7- 9 || total
-------------------------+-------+-------+-------++-------
Melee: Spear             |   120 |   135 |    60 ||   315
       Bite              |     9 |    17 |    22 ||    48
       Punch             |       |     1 |     3 ||     4
       Battleaxe         |       |       |   127 ||   127
Throw: Tomahawk          |       |     4 |    17 ||    21
       Javelin           |       |       |     3 ||     3
 Cast: Infusion          |     9 |       |       ||     9
       Spectral Weapon   |     3 |    15 |    21 ||    39
       Regeneration      |     1 |     3 |     6 ||    10
       Ozocubu's Armour  |       |       |     6 ||     6
       Blink             |       |       |     3 ||     3
Invok: Heroism           |       |       |     1 ||     1
Evoke: Wand              |       |     7 |       ||     7
  Use: Scroll            |     3 |     5 |     8 ||    16
       Potion            |       |       |     2 ||     2
 Stab: Sleeping          |     5 |     3 |     5 ||    13
       Distracted        |       |       |     2 ||     2
  Eat: Chunk             |     1 |     9 |    12 ||    22
       Ration            |       |       |     1 ||     1
Armor: Leather armour    |    15 |    18 |    25 ||    58
       Ring mail         |       |       |     5 ||     5
Dodge: Dodged            |    59 |    65 |   166 ||   290
